 Seeded DCSS version 0.28.0-45-g0d030f2227 (webtiles) character file.

Game seed: 10293978548446246761 (custom seed)

53 xaos the Grave Robber (level 4, -1/30 HPs)
             Began as a Human Necromancer on Apr 6, 2022.
             Slain by a gnoll
             ... wielding a +0 halberd
              (4 damage)
             ... on level 3 of the Dungeon on Apr 7, 2022.
             The game lasted 00:14:08 (3910 turns).

xaos the Grave Robber (Human Necromancer)           Turns: 3910, Time: 00:14:08

Health: -1/30      AC:  2    Str:  8    XL:     4   Next: 10%
Magic:  4/7        EV: 12    Int: 24    God:
Gold:   109        SH:  0    Dex: 13    Spells: 3/7 levels left

rFire   . . .      SeeInvis .   b - +4 short sword
rCold   . . .      Faith    .   (no shield)
rNeg    . . .      Spirit   .   a - +0 robe
rPois   .          Reflect  .   (no helmet)
rElec   .          Harm     .   (no cloak)
rCorr   .          Rampage  .   (no gloves)
Will    .....                   (no boots)
Stlth   ++........              (no amulet)
HPRegen 0.10/turn               g - +6 ring of intelligence
MPRegen 0.10/turn               (no ring)

@: no status effects
A: no striking features
a: no special abilities


You were on level 3 of the Dungeon.
You visited 1 branch of the dungeon, and saw 3 of its levels.

You collected 109 gold pieces.

Inventory:

Hand Weapons
 b - a +4 short sword (weapon)
Armour
 a - a +0 robe (worn)
Jewellery
 g - a +6 ring of intelligence (left hand)
Scrolls
 c - a scroll of identify {unknown}
 d - a scroll of noise {unknown}
 e - a scroll of blinking {unknown}
 f - a scroll of torment {unknown}


   Skills:
 + Level 0.3 Short Blades
 + Level 2.3 Dodging
 + Level 3.0 Stealth
 + Level 2.4 Spellcasting
 + Level 4.3 Necromancy


You had 3 spell levels left.
You knew the following spells:

 Your Spells              Type           Power      Damage    Failure   Level
a - Pain                  Necr           92%        1d8       1%          1
b - Ensorcelled Hibernat  Hex/Ice        4%         N/A       17%         2
c - Animate Skeleton      Necr           46%        N/A       1%          1

Your spell library contained the following spells:

 Spells                   Type           Power      Damage    Failure   Level
 Vampiric Draining        Necr           23%        2d7       6%          3
 Spider Form              Tmut/Pois      2%         N/A       34%         3
 Animate Dead             Necr           11%        N/A       19%         4
 Anguish                  Hex/Necr       6%         N/A       43%         4
 Agony                    Necr           23%        N/A       47%         5


Dungeon Overview and Level Annotations

Branches:
Dungeon (3/15)

Altars:


Message History

There is a stone staircase leading down here.
You climb downwards.
Found five items.
Found a stone staircase leading down.
There is a stone staircase leading up here.
The bat misses you. The bat hits you but does no damage.
You hit the bat.
You kill the bat!
A gnoll comes into view. It is wielding a +0 halberd.
The gnoll shouts!
You hit the dart slug.
The dart slug is lightly wounded.
The dart slug misses you.
A gnoll comes into view. It is wielding a +0 halberd.
You hit the dart slug.
The dart slug is moderately wounded.
The dart slug closely misses you.
Aiming: Pain (safe; 1% risk of failure)
Press: ? - help, Q - select action, (/) - cycle Shift-Dir - straight line, f - dart slug
Aim: a dart slug (moderately wounded, chance to affect: 91%)
The dart slug writhes in agony!
You kill the dart slug!
The gnoll barely misses you.
The gnoll throws a throwing net.
The throwing net completely misses you. The gnoll hits you with a +0 halberd!
A gnoll comes into view. It is wielding a +0 halberd.
Aiming: Pain (safe; 1% risk of failure)
Press: ? - help, Q - select action, (/) - cycle Shift-Dir - straight line, f - gnoll
Aim: a gnoll, wielding a +0 halberd (chance to affect: 87%)
The gnoll writhes in agony.
The gnoll shouts!
You hear a shout!
Aiming: Pain (safe; 1% risk of failure)
Press: ? - help, Q - select action, (/) - cycle Shift-Dir - straight line, f/p - gnoll
Aim: a gnoll, wielding a +0 halberd (lightly wounded, chance to affect: 87%)
The gnoll writhes in agony.
The gnoll hits you with a +0 halberd!
* * * LOW HITPOINT WARNING * * *
The gnoll barely misses you.
The gnoll hits you from afar with a +0 halberd.
You die...

...........#
#.#...(......#
#......$.....# .
#....:.......# ..
#.#.......!..#...
.........(.....#
........†......##
#.............:..
.#...g.@<..>....
..$........#.....
......g....# ###.
....g......#
.....#######
..... .... ....


You could see 3 gnolls.

Vanquished Creatures
  3 adders (D:2)
  2 dart slugs
  4 ball pythons
  A goblin (D:1)
  A hobgoblin (D:1)
  3 kobolds (D:1)
  7 bats
  5 frilled lizards
26 creatures vanquished.

Notes
Turn   | Place    | Note
-------+----------+-------------------------------------------
     0 | D:1      | xaos the Human Necromancer began the quest for the Orb.
     0 | D:1      | Reached XP level 1. HP: 13/13 MP: 3/3
   609 | D:1      | Reached XP level 2. HP: 18/19 MP: 5/5
   612 | D:1      | Learned a level 2 spell: Ensorcelled Hibernation
   909 | D:1      | Found a faded altar of an unknown god.
   915 | D:1      | Learned a level 1 spell: Animate Skeleton
  1903 | D:2      | Reached XP level 3. HP: 5/24 MP: 6/6
  3163 | D:2      | Reached XP level 4. HP: 27/30 MP: 7/7
  3910 | D:3      | Slain by a gnoll

Illustrated notes

Levels and vault maps discovered:
D:1:      dpeg_arrival_round_c, layout_basic, shapermc_ecumenical_altar_pompeii,
          minmay_close_crescents
D:2:      layout_basic, nicolae_concentric_dashed_squares_wild
D:3:      layout_rooms, lemuel_crystal_altar, serial_rivers,
          chequers_serial_rivers_micro_a, chequers_serial_rivers_micro_d,
          chequers_serial_rivers_micro_e, chequers_serial_rivers_micro_d,
          chequers_serial_rivers_micro_d, st_stairs_8

Skill      XL: |  1  2  3 |
---------------+----------+-----
Stealth        | 3 |  3.0
Short Blades   | |  0.3
Dodging        | |  2.3
Spellcasting   | |  2.4
Necromancy     | |  4.3

Action                   |  1- 3 |  4- 6 || total
-------------------------+-------+-------++-------
Melee: Short sword       |    53 |     8 ||    61
       Unarmed           |     2 |       ||     2
 Cast: Pain              |     6 |     3 ||     9
       Animate Skeleton  |     2 |     3 ||     5
 Stab: Sleeping          |     4 |       ||     4
Armor: Robe              |    24 |     5 ||    29
Dodge: Dodged            |    59 |    10 ||    69
